 Dungeon Crawl Stone Soup version 0.14-a0-181-gf6fe0c6 (webtiles) character file.

163 Malachi the Magician (level 4, -4/33 HPs)
             Began as a Naga Wizard on Oct 7, 2013.
             Shot with a stone by a crimson imp (6 damage)
             ... on Level 2 of the Dungeon.
             The game lasted 00:05:20 (2983 turns).

Malachi the Magician (Naga Wizard)                  Turns: 2983, Time: 00:05:20

HP  -4/33        AC  2     Str  9      XL: 4   Next: 61%
MP   8/11        EV 10     Int 19      God:
Gold 70          SH  0     Dex 10      Spells:  4 memorised,  2 levels left

Res.Fire  : + . .   See Invis. : +   q - staff of fire
Res.Cold  : . . .   Warding    : .   a - +0 robe
Life Prot.: . . .   Conserve   : .   (no shield)
Res.Poison: +       Res.Corr.  : .   b - +0 wizard hat
Res.Elec. : .       Clarity    : .   (no cloak)
Sust.Abil.: . .     Spirit.Shd : .   (no gloves)
Res.Mut.  : .       Stasis     : .   (no barding)
Res.Rott. : .       Flight     : .   (no amulet)
Saprovore : . . .                    (no ring)
                                     (no ring)

@: very slow, slightly resistant to hostile enchantments, stealthy
A: spit poison, see invisible, deformed body, poison resistance, slowness 2, AC
+1
a: Spit Poison


You were on level 2 of the Dungeon.
You were hungry.

You visited 1 branch of the dungeon, and saw 2 of its levels.

You collected 50 gold pieces.

Inventory:

Hand weapons
 j - a +1,+0 dwarven hand axe
Armour
 a - a +0 robe (worn)
 b - a +0 wizard hat (worn)
Comestibles
 d - 2 bread rations
 l - a meat ration
 n - a rotting chunk of kobold flesh
Scrolls
 e - a scroll of remove curse {unknown}
 f - a scroll of curse armour {unknown}
 g - a scroll of curse jewellery {unknown}
 i - 2 scrolls of teleportation {unknown}
 k - 4 scrolls of identify {unknown}
 m - a scroll of noise {unknown}
 p - a scroll of enchant armour {unknown}
Books
 c - a book of Minor Magic

   Spells                             Type                      Level
   *Magic Dart                        Conjuration                  1
   *Blink                             Translocation                2
   Call Imp                           Summoning                    2
   *Repel Missiles                    Charms/Air                   2
   Slow                               Hexes                        2
   Conjure Flame                      Conjuration/Fire             3
   *Mephitic Cloud                    Conjuration/Poison/Air       3
Magical staves
 q - an uncursed staff of fire (weapon)


   Skills:
 + Level 0.1 Staves
 + Level 2.2 Dodging
 + Level 3.3 Stealth
 + Level 3.6 Spellcasting
 * Level 2.8 Conjurations
   Level 1.0 Summonings
 + Level 1.0 Translocations


You had 2 spell levels left.
You knew the following spells:

 Your Spells              Type           Power        Failure   Level  Hunger
a - Magic Dart            Conj           ##..         6%          1    None
b - Blink                 Tloc           N/A          17%         2    ##.....
c - Repel Missiles        Chrm/Air       #.........   24%         2    ##.....
d - Mephitic Cloud        Conj/Pois/Air  #.......     34%         3    ###....


Dungeon Overview and Level Annotations

Branches:
Dungeon (2/27)

Altars:
Makhleb


Innate Abilities, Weirdness & Mutations

You cannot wear boots.
You can spit poison.
Your serpentine skin is tough (AC +1).
You have supernaturally acute eyesight.
Armour fits poorly on your strangely shaped body.
Your system is resistant to poisons.
You cover ground very slowly.


Message History

* * * LOW HITPOINT WARNING * * *
Things that are here:
2 stones; a javelin of returning Throwing (i - inventory):
o - a stone (quivered)
Press: ? - help, Shift-Dir - straight line, f/p - crimson imp
Aim: a crimson imp, wielding a sling You throw a stone.
The stone misses the crimson imp.
The crimson imp shoots a stone.
The stone misses you.
Firing (i - inventory): No suitable missiles.
Press: ? - help, Shift-Dir - straight line, f/p - crimson imp
Aim: a crimson imp, wielding a sling
Okay, then.
Firing (i - inventory): No suitable missiles.
Press: ? - help, Shift-Dir - straight line, f/p - crimson imp
Aim: a crimson imp, wielding a sling
Okay, then.
You aren't carrying any potions.
Unknown command.
The crimson imp shoots a stone.
The stone hits you!
You die...

......#######.###......'.)......#
...%..# #.# ########........#
......# #.# #######'## ####.##
#.# ##.# #...# #.# #..# #.### #.#
####.### #.# #.# ###......#
##.### ####'##########........#
<....#####...%..@(...##..#......#
.....(..##.......(...##.##......#
.....##..'......((...##.##......#
.....#####.......5...'..##......#
.....# #.......(...#####......#
)....# ####'######## ###.####
....)# #..# ##..# #.#### #.##
#..## #.# #'####### ####'######


You could see a crimson imp.

Vanquished Creatures
  An orc wizard (D:2)
  2 adders
  A worm (D:2)
  A giant gecko (D:2)
  3 orcs (D:2)
  A ball python (D:1)
  3 giant cockroaches
  4 goblins
  4 hobgoblins
  5 bats
  3 giant newts (D:2)
  10 kobolds
  2 rats (D:2)
40 creatures vanquished.

Notes
Turn   | Place    | Note
--------------------------------------------------------------
     0 | D:1      | Malachi, the Naga Wizard, began the quest for the Orb.
     0 | D:1      | Reached XP level 1. HP: 13/13 MP: 5/5
   755 | D:1      | Reached XP level 2. HP: 18/20 MP: 7/7
  1129 | D:1      | Reached XP level 3. HP: 19/26 MP: 7/9
  1496 | D:2      | Learned a level 2 spell: Blink
  1499 | D:2      | Learned a level 2 spell: Repel Missiles
  1503 | D:2      | Learned a level 3 spell: Mephitic Cloud
  1564 | D:2      | Found a burning altar of Makhleb.
  2323 | D:2      | Reached XP level 4. HP: 5/33 MP: 4/11
  2983 | D:2      | Shot with a stone by a crimson imp

Action                   |  1- 3 |  4- 6 || total
-------------------------+-------+-------++-------
Melee: Unarmed           |     8 |       ||     8
       Hand axe          |    18 |       ||    18
       Staff             |    45 |    29 ||    74
Throw: Javelin           |       |     4 ||     4
       Stone             |       |     1 ||     1
 Cast: Magic Dart        |    64 |    12 ||    76
       Mephitic Cloud    |     3 |     1 ||     4
       Blink             |       |     1 ||     1
 Abil: Spit Poison       |     7 |     2 ||     9
  Use: Potion            |     3 |       ||     3
 Stab: Confused          |     1 |       ||     1
       Invisible         |     1 |       ||     1
       Sleeping          |       |     1 ||     1
